 Dungeon Crawl Stone Soup version 0.28.0-53-g5a82cb258f (webtiles) character file.

Game seed: 13712001139532281672

465 selky the Slasher (level 7, 0/78 HPs)
             Began as a Formicid Fighter on July 1, 2022.
             Slain by a hornet (5 damage)
             ... on level 4 of the Dungeon.
             The game lasted 00:07:20 (5104 turns).

selky the Slasher (Formicid Fighter)                Turns: 5104, Time: 00:07:22

Health: 0/78       AC: 23    Str: 23    XL:     7   Next: 29%
Magic:  7/7        EV:  2    Int:  7    God:
Gold:   188        SH:  4    Dex: 10    Spells: 6/6 levels left

rFire   . . .      SeeInvis .   a - +0 long sword
rCold   . . .      Faith    .   c - +0 buckler
rNeg    . . .      Spirit   .   (armour currently unavailable)
rPois   +          Reflect  .   (helmet unavailable)
rElec   .          Harm     .   (cloak currently unavailable)
rCorr   .          Rampage  .   (gloves currently unavailable)
Will    .....                   (boots currently unavailable)
Stlth   +.........              (no amulet)
HPRegen 0.23/turn               (no ring)
MPRegen 0.10/turn               (no ring)

@: lethally poisoned (0 -> -7), tree-form
A: stationary, stasis, torment immunity, boosted hp, permanent stasis, dig
shafts and tunnels, (antennae 3), four strong arms
a: no special abilities


You were on level 4 of the Dungeon.
You were a tree.
You visited 1 branch of the dungeon, and saw 4 of its levels.

You collected 188 gold pieces.

Inventory:

Hand Weapons
 a - a +0 long sword (weapon)
Armour
 b - a +0 scale mail (melded)
 c - a +0 buckler (worn)
 q - a scarf of harm
Scrolls
 d - a scroll of fear {unknown}
 e - 5 scrolls of identify {unknown}
 g - a scroll of enchant armour {unknown}
 h - 2 scrolls of teleportation {unknown}
 j - a scroll of enchant weapon {unknown}
 k - a scroll of summoning {unknown}
 n - a scroll of blinking {unknown}
 p - a scroll of magic mapping {unknown}


   Skills:
 + Level 3.2 Fighting
 - Level 2.0(4.9) Short Blades
 + Level 7.0(7.2) Long Blades
 - Level 3.2 Armour
 - Level 3.6 Shields


You had 6 spell levels left.
You didn't know any spells.
Your spell library was empty.

Dungeon Overview and Level Annotations

Branches:
Dungeon (4/15)
 Temple: D:4-7

Altars:

Shops:
D:1 *

Annotations:
D:4 3 runed translucent doors, DocClef's ghost, amateur MfGl


Innate Abilities, Weirdness & Mutations

You are a tree.
Your roots penetrate the ground, keeping you stationary.
You cannot be teleported.
You are immune to unholy pain and torment.
Your maximum health is greatly increased.
Your equipment is partially melded.
You cannot be hasted, slowed, berserked, paralysed or teleported.
You can dig through walls and to a lower floor.
((You have a pair of large antennae on your head. (SInv)))
Your four strong arms can wield two-handed weapons with a shield.


Message History

Your stasis prevents you from being slowed.
You are too injured to fight recklessly!
You are too injured to fight recklessly!
You hit the hornet but do no damage. The hornet barely misses you. x2
You bump into the rock wall.
The hornet stings you.
You are poisoned.
Your stasis prevents you from being slowed.
You hit the hornet but do no damage.
You feel very sick. The hornet stings you.
Your stasis prevents you from being slowed.
The hornet stings you!
* * * LOW HITPOINT WARNING * * *
Your stasis prevents you from being slowed.
You're too confused to move!
You feel sick.
The hornet stings you but does no damage.
You hit the hornet but do no damage.
You feel less invigorated.
You feel less confused.
You feel sick.
The hornet stings you but does no damage.
The hornet barely misses you.
You completely miss the hornet.
You feel sick. The hornet stings you!
* * * LOW HITPOINT WARNING * * *
You are lethally poisoned!
Your stasis prevents you from being slowed.
The hornet stings you but does no damage.
Unknown command.
It was a potion of lignification.
You turn into a tree.
Your +0 scale mail melds into your body.
Your roots penetrate the ground.
* * * LOW HITPOINT WARNING * * *
You feel very sick. You block the hornet's attack.
You hit the hornet.
The hornet is lightly wounded.
* * * LOW HITPOINT WARNING * * *
You feel very sick.
The hornet stings you but does no damage.
The hornet stings you.
You die...

..........+.....[.#...#
#.###...
########..+..#.#..#...#
#.# #...
#..#...#W..#...# #.#
#... #..#...oOg.#...#
#.# #...
########..#########...#
#.# #.##
......................#
#.# #.#
########..............#
#.# #.#
####..##y#...#.# #.#
#.## #.###♣#####.# #.#
#... #...........# #.#
#### #.###.####### #.#
#.....##### #.#
##........# #.#
#........#####.#####
#..................#
########....<......#
#...........#


You could see a hornet, an ogre, an orc wizard, DocClef's ghost and a hobgoblin.

Vanquished Creatures
  Sigmund (D:4)
  A jelly (D:3)
  An orc priest (D:4)
  A hound (D:4)
  2 orc wizards
  6 adders
  A shadow imp (D:3)
  An adder skeleton (D:4)
  An adder zombie (D:4)
  2 worms
  3 dart slugs
  8 orcs
  9 endoplasms
  5 giant cockroaches
  10 goblins
  9 hobgoblins
  4 quokkas
  7 ball pythons
  5 bats
  A frilled lizard (D:1)
  8 kobolds
  10 rats
96 creatures vanquished.

Vanquished Creatures (others)
  A plant (D:3)
1 creature vanquished.

Grand Total: 97 creatures vanquished

Notes
Turn   | Place    | Note
-------+----------+-------------------------------------------
     0 | D:1      | selky the Formicid Fighter began the quest for the Orb.
     0 | D:1      | Reached XP level 1. HP: 18/18 MP: 1/1
    43 | D:1      | Reached skill level 1 in Short Blades
   110 | D:1      | Reached XP level 2. HP: 24/24 MP: 2/2
   268 | D:1      | Found Fuevul's Assorted Antiques.
   415 | D:1      | Reached XP level 3. HP: 24/29 MP: 3/3
  1043 | D:2      | Reached skill level 3 in Long Blades
  1289 | D:2      | Reached XP level 4. HP: 27/35 MP: 4/4
  1872 | D:2      | Found a faded altar of an unknown god.
  2399 | D:3      | Reached skill level 4 in Long Blades
  2642 | D:3      | Reached XP level 5. HP: 41/41 MP: 5/5
  3203 | D:3      | Reached skill level 5 in Long Blades
  3430 | D:3      | Reached XP level 6. HP: 42/47 MP: 6/6
  4342 | D:4      | Reached skill level 6 in Long Blades
  4748 | D:4      | Noticed Sigmund
  4755 | D:4      | Killed Sigmund
  4756 | D:4      | Reached skill level 7 in Long Blades
  4756 | D:4      | Reached XP level 7. HP: 35/52 MP: 7/7
  4874 | D:4      | Noticed DocClef's ghost (amateur MfGl)
  4875 | D:4      | Found a runed translucent gate.
  4876 | D:4      | Found a runed translucent gate.
  4877 | D:4      | Found a runed translucent gate.
  5082 | D:4      | Noticed a hornet
  5104 | D:4      | Slain by a hornet

Illustrated notes

Levels and vault maps discovered:
D:1:      psy_arrival_dodecagon, layout_basic, serial_shops, shop
D:2:      layout_basic, hellmonk_ecumenical_altar_inner_sanctum,
          kennysheep_boxes
D:3:      layout_loops_cross, minmay_shallow_snake_nest
D:4:      layout_basic, gammafunk_ghost_split, uniq_sigmund

Skill      XL: |  1  2  3  4  5  6 |
---------------+-------------------+-----
Short Blades   | 1 2 |  2.0
Long Blades    | 3 4 5 7 |  7.0
Fighting       | |  3.2
Armour         | |  3.2
Shields        | |  3.6

Action                   |  1- 3 |  4- 6 |  7- 9 || total
-------------------------+-------+-------+-------++-------
Melee: Long sword        |   114 |   209 |    21 ||   344
 Abil: Dig               |       |     8 |       ||     8
  Use: Potion            |       |     1 |     5 ||     6
Armor: Scale mail        |    46 |    85 |     7 ||   138
       Skin              |       |       |     1 ||     1
Dodge: Dodged            |    49 |    89 |    11 ||   149
Block: Buckler           |    28 |    41 |     3 ||    72
